Map: [TLMC8] Blood Boil

Players

Player 1 - Winner!

  • Race: Terran Terran
  • Spawn Location: 11:00

icED

  • Race: Terran Terran
  • League: Diamond
  • Spawn Location: 5:00

VOD

Have the link to the VOD?

Description

Time

  • Played on: March 31, 2017, 10:50 p.m.
  • Length: 8:33
Show
View Real Time Build Order
Export as new Build Order

Player 1 Terran - Winner!

Build Orders:  

Get SALT Encoding   

  12  0:01  SCV  
  13  0:13  SCV  
  14  0:19  Supply Depot  
  14  0:25  SCV  
  15  0:40  SCV  
  16  0:44  Barracks  
  16  0:52  SCV  
  17  1:04  SCV  
  18  1:16  SCV  
  19  1:19  Command Center  
  19  1:33  Marine, Orbital Command  
  20  1:40  Refinery  
  20  1:51  Marine  
  20  1:52  Supply Depot  
  21  1:58  SCV  
  22  2:04  Refinery  
  22  2:09  Marine  
  22  2:13  SCV  
  24  2:25  SCV  
  24  2:27  Marine  
  26  2:31  SCV  
  27  2:44  Marine, Factory, Orbital Command, SCV  
  29  2:58  SCV  
  30  3:02  Marine  
  30  3:03  Factory  
  31  3:09  SCV  
  31  3:10  SCV  
  33  3:15  Supply Depot  
  33  3:20  Marine  
  33  3:21  SCV  
  33  3:22  SCV  
  36  3:29  Factory Tech Lab  
  36  3:34  SCV x2  
  38  3:46  Factory Tech Lab, SCV x2  
  40  3:48  Siege Tank  
  40  3:50  Supply Depot  
  43  3:58  SCV x2  
  45  4:05  Siege Tank  
  45  4:06  Marine  
  45  4:07  Supply Depot  
  49  4:10  SCV  
  49  4:11  SCV  
  51  4:17  Supply Depot  
  51  4:22  SCV  
  51  4:23  SCV  
  53  4:24  Siege Tank  
  56  4:31  Supply Depot  
  56  4:34  Marine, SCV  
  56  4:35  SCV  
  59  4:42  Barracks  
  59  4:46  SCV  
  59  4:47  Siege Tank, SCV  
  59  4:58  Marine, SCV  
  59  4:59  SCV  
  52  5:08  Hellion  
  52  5:11  SCV  
  54  5:16  Marine, Command Center  
  54  5:20  Hellion  
  56  5:23  SCV  
  57  5:28  Marine  
  57  5:34  Marine  
  60  5:35  SCV  
  60  5:46  Marine  
  61  5:52  Marine  
  61  5:53  SCV  
  61  5:54  Command Center  
  63  6:04  Marine  
  64  6:19  SCV, Command Center  
  64  6:21  Supply Depot, Marine  
  54  6:42  Marine  
  54  6:44  Marine  
  54  6:46  Command Center  
  56  6:53  Hellion  
  58  6:59  Hellion  
  58  7:00  Marine  
  61  7:02  Marine  
  61  7:08  SCV  
  60  7:17  Hellion  
  60  7:18  Marine  
  60  7:20  Marine, SCV  
  58  7:32  SCV  
  58  7:35  Marine  
  60  7:38  Marine  
  61  7:44  SCV  
  57  7:53  Marine  
  57  7:56  Marine, SCV  
  54  8:06  Hellion  
  54  8:11  Marine  
  54  8:12  Hellion  
  56  8:14  Marine  
Show
View Real Time Build Order
Export as new Build Order

icED Terran 

Build Orders: 1/1/1 

Get SALT Encoding   

  12  0:01  SCV  
  13  0:13  SCV  
  14  0:19  Supply Depot  
  14  0:25  SCV  
  15  0:41  SCV  
  16  0:43  Barracks  
  16  0:46  Refinery  
  16  0:52  Refinery  
  16  0:56  SCV  
  17  1:08  SCV  
  18  1:20  SCV  
  19  1:30  Marine  
  19  1:32  Factory  
  20  1:37  Orbital Command  
  20  1:50  Supply Depot  
  20  1:51  Marine  
  21  2:03  SCV  
  22  2:12  Marine  
  23  2:17  Factory Tech Lab  
  23  2:20  Starport  
  23  2:23  SCV  
  23  2:28  Supply Depot  
  24  2:34  Marine  
  24  2:35  SCV  
  26  2:44  Siege Tank  
  29  2:56  Medivac  
  29  2:57  Supply Depot  
  31  3:00  Marine  
  31  3:03  SCV  
  33  3:16  Siege Tank  
  33  3:18  Marine  
  37  3:26  Supply Depot, Medivac  
  39  3:33  SCV  
  40  3:36  Engineering Bay  
  40  3:39  Marine  
  41  3:46  SCV  
  42  4:07  Siege Tank  
  45  4:10  Missile Turret  
  45  4:11  Barracks Reactor  
  45  4:24  Viking  
  47  5:05  Marine x2  
  47  5:06  Siege Tank  
  51  5:08  Viking  
  53  5:18  SCV  
  54  5:23  Marine  
  54  5:24  Command Center  
  55  5:39  Marine, Siege Tank  
  55  5:40  Supply Depot  
  55  5:41  Marine  
  55  5:42  SCV  
  61  5:46  Supply Depot  
  61  5:56  Marine  
  62  6:02  Marine  
  63  6:11  SCV  
  64  6:16  Siege Tank  
  64  6:17  Marine  
  68  6:18  Viking  
  68  6:19  Marine  
  68  6:23  SCV  
  70  6:36  Marine  
  70  6:37  Marine  
  72  6:49  Siege Tank  
  75  6:54  Marine  
  75  6:55  Marine, Viking  
  79  7:03  SCV x2  
  78  7:21  Siege Tank  
  81  7:25  Marine x2  
  81  7:26  Viking  
  85  7:43  Marine x2  
  81  7:53  Siege Tank  
  83  8:01  Marine x2  
Tags
 
League
Diamond
Matchup
TvT
Opening
1/1/1
Race
Terran
Spawn Locations
Cross Positions
Add a new tag
Caveats
  • Supply blocks, unpowered buildings, or Contaminate may cause inaccurate times.
  • Supply counts are checked every 10 seconds.